 Dungeon Crawl Stone Soup version 0.23.2-1-ga50397a (webtiles) character file.

Game seed: 13423335233643948196

122 diana the Ducker (level 4, -1/34 HPs)
             Began as a Demonspawn Gladiator on May 18, 2019.
             Killed from afar by an orc wizard (4 damage)
             ... with a magic dart
             ... on level 3 of the Dungeon.
             The game lasted 00:02:02 (2038 turns).

diana the Ducker (Demonspawn Gladiator)             Turns: 2038, Time: 00:02:03

Health: -1/34      AC:  4    Str: 16    XL:     4   Next: 78%
Magic:  4/4        EV: 13    Int:  9    God:
Gold:   130        SH:  0    Dex: 14    Spells: 3/3 levels left

rFire    . . .     SeeInvis .   a - +0 long sword
rCold    . . .     Gourm    .   (no shield)
rNeg     . . .     Faith    .   b - +0 leather armour
rPois    .         Spirit   .   (helmet restricted)
rElec    .         Reflect  .   o - scarf {cloud immunity}
rCorr    .         Harm     .   (no gloves)
MR       .....                  h - +0 pair of boots
Stlth    +.........             (no amulet)
HPRegen  0.11/turn              (no ring)
MPRegen  0.09/turn              (no ring)

@: slowed, very slow
A: horns 2, spiny 1
a: no special abilities


You were on level 3 of the Dungeon.
You were hungry.

You visited 1 branch of the dungeon, and saw 3 of its levels.

You collected 130 gold pieces.

Inventory:

Hand Weapons
 a - a +0 long sword (weapon)
Missiles
 d - 5 throwing nets (quivered)
Armour
 b - a +0 leather armour (worn)
 c - a +0 helmet
 h - a +0 pair of boots (worn)
 o - a scarf of cloud immunity (worn)
Jewellery
 j - a cursed -2 ring of evasion {unknown}
 k - an uncursed amulet of rage {unknown}
 m - an uncursed amulet of regeneration {unknown}
 n - an uncursed amulet of harm {unknown}
Scrolls
 g - 3 scrolls of identify {unknown}
 i - a scroll of remove curse {unknown}
Potions
 l - a potion of might {unknown}
Comestibles
 f - 7 rations


   Skills:
 + Level 2.9 Fighting
 + Level 3.3 Long Blades
 - Level 1.7 Throwing
 * Level 2.0 Armour
 * Level 3.4 Dodging


You had 3 spell levels left.
You didn't know any spells.
Your spell library was empty.

Dungeon Overview and Level Annotations

Branches:
Dungeon (3/15)

Altars:


Innate Abilities, Weirdness & Mutations

You have a pair of horns on your head.
You are partially covered in sharp spines.


Message History

The orc wizard hits you with a +1 dagger of protection.
* * * LOW HITPOINT WARNING * * *
The orc hits you but does no damage.
You barely miss the orc wizard. Your headbutt misses the orc wizard.
The orc wizard is heavily wounded.
The orc wizard misses you. The orc wizard closely misses you.
You riposte.
You hit the orc wizard but do no damage.
The orc wizard is heavily wounded.
The orc misses you.
You riposte.
You hit the orc but do no damage.
The orc is severely wounded.
The orc wizard hits you with a +1 dagger of protection.
* * * LOW HITPOINT WARNING * * *
You closely miss the orc wizard.
The orc wizard is heavily wounded.
The orc wizard hits you with a +1 dagger of protection.
* * * LOW HITPOINT WARNING * * *
The orc closely misses you. The orc wizard casts a spell at you.
The magic dart hits you.
You die...

...........([#
........#...#
...........
#......).# .. .
......#.####.....#
<....w.wg....# #.#
..######o######..#
#o### ...
#o@)###.#
###.....# ###..##
##########..###...
......†.........#
##########.######
#.# #.# ########.#


You could see a worm, an orc wizard, 2 orcs and a hobgoblin.

Vanquished Creatures
  An orc wizard (D:3)
  Jessica (D:2)
  2 adders (D:2)
  2 worms (D:2)
  A leopard gecko (D:2)
  2 orcs (D:3)
  2 ball pythons
  A giant cockroach (D:3)
  4 goblins
  6 hobgoblins
  5 jackals
  A quokka (D:2)
  5 bats
  3 frilled lizards
  A kobold (D:2)
  4 rats
41 creatures vanquished.

Notes
Turn   | Place    | Note
-------+----------+-------------------------------------------
     0 | D:1      | diana the Demonspawn Gladiator began the quest for the Orb.
     0 | D:1      | Reached XP level 1. HP: 16/16 MP: 1/1
   210 | D:1      | Gained mutation: You have a pair of small horns on your
                  | head. [demonic ancestry]
   210 | D:1      | Reached XP level 2. HP: 17/22 MP: 2/2
  1495 | D:2      | Gained mutation: You have a pair of horns on your head.
                  | [demonic ancestry]
  1495 | D:2      | Reached XP level 3. HP: 27/28 MP: 3/3
  1499 | D:2      | Reached skill level 1 in Armour
  1730 | D:2      | Noticed Jessica
  1734 | D:2      | Killed Jessica
  1757 | D:2      | Gained mutation: You are partially covered in sharp spines.
                  | [demonic ancestry]
  1757 | D:2      | Reached XP level 4. HP: 31/34 MP: 4/4
  2038 | D:3      | Killed from afar by an orc wizard

Skill      XL: |  1  2  3  4 |
---------------+-------------+-----
Long Blades    | 3 |  3.3
Armour         | 1 2 |  2.0
Dodging        | 3 |  3.4
Fighting       | |  2.9
Throwing       | |  1.7

Action                   |  1- 3 |  4- 6 || total
-------------------------+-------+-------++-------
Melee: Long sword        |    61 |    24 ||    85
       Headbutt          |    10 |     7 ||    17
  Use: Potion            |       |     2 ||     2
 Stab: Sleeping          |       |     1 ||     1
  Eat: Chunk             |     3 |       ||     3
Armor: Leather armour    |    18 |    11 ||    29
Dodge: Dodged            |    46 |    21 ||    67
       Rpst.: Long sword |    15 |     8 ||    23
